Map: Daybreak LE (Void)

Players

soul

  • Race: Terran Terran
  • League: Master
  • Spawn Location: 7:00

Gremory (Elazer)

  • Race: Terran Terran
  • League: Master
  • Spawn Location: 1:00

Megami

  • Race: Zerg Zerg

Elazer

  • Race: Zerg Zerg
  • League: Master

VOD

Have the link to the VOD?

Description

Time

  • Played on: Nov. 26, 2016, 12:48 p.m.
  • Length: 3:04
Show
View Real Time Build Order
Export as new Build Order

soul Terran 

Build Orders:  

Get SALT Encoding   

  12  0:10  Supply Depot  
  12  0:33  Barracks  
  12  0:36  Refinery  
  12  0:53  Barracks  
  13  0:57  SCV  
  13  1:21  Barracks  
  13  1:24  Reaper  
  14  1:39  Reaper  
  15  1:46  Refinery  
  15  1:57  Reaper  
  16  2:06  Bunker  
  16  2:15  Reaper  
  17  2:27  Reaper  
Show
View Real Time Build Order
Export as new Build Order

Gremory Terran 

Build Orders:  

Get SALT Encoding   

  12  0:01  Drone  
  13  0:15  Overlord  
  13  0:19  Drone  
  14  0:33  Drone x2  
  16  0:38  Drone  
  17  0:55  Hatchery  
  16  1:00  Drone  
  16  1:02  Drone  
  18  1:05  Extractor  
  17  1:18  Spawning Pool  
  16  1:20  Drone  
  16  1:24  Drone  
  18  1:31  Drone  
  19  1:43  Overlord  
  19  2:04  Queen  
  19  2:06  Zergling x2  
  19  2:07  Zergling x4  
  24  2:15  Zergling x2  
  24  2:40  Zergling x6  
  25  2:44  Zergling x2  
Show
View Real Time Build Order
Export as new Build Order

Megami Zerg 

Build Orders:  

Get SALT Encoding   

Show
View Real Time Build Order
Export as new Build Order

Elazer Zerg 

Build Orders:  

Get SALT Encoding   

Tags
 
Add a new tag
Caveats
  • Supply blocks, unpowered buildings, or Contaminate may cause inaccurate times.
  • Supply counts are checked every 10 seconds.